Map: Cinder Fortress

Players

A.I. 1 (Hard) - Winner!

  • Race: Zerg Zerg
  • Spawn Location: 6:00

larsgj

  • Race: Terran Terran
  • Spawn Location: 9:00

VOD

Have the link to the VOD?

Description

Time

  • Played on: Feb. 6, 2019, 3:13 p.m.
  • Length: 15:39
Show
View Real Time Build Order
Export as new Build Order

A.I. 1 (Hard) Zerg - Winner!

Build Orders: 1 Base Baneling Bust, Pool First 

Get SALT Encoding   

  12  0:00  Drone  
  13  0:12  Overlord  
  13  0:17  Drone  
  14  0:30  Drone  
  14  0:31  Drone  
  16  0:42  Spawning Pool  
  15  0:44  Drone  
  15  0:48  Drone  
  17  0:51  Extractor  
  17  0:55  Drone  
  17  1:05  Overlord  
  17  1:31  Queen, Zergling x2  
  20  1:36  Roach Warren  
  20  1:38  Drone, Zergling x2  
  21  1:40  Extractor  
  20  1:49  Drone  
  21  1:59  Drone  
  22  2:10  Overlord  
  22  2:21  Drone  
  23  2:32  Roach  
  25  2:38  Drone  
  25  2:39  Roach  
  25  2:40  Overlord  
  28  2:44  Drone  
  29  2:53  Ravager  
  29  2:54  Roach  
  32  3:01  Ravager  
  32  3:05  Roach  
  35  3:09  Drone  
  35  3:11  Drone, Baneling Nest  
  35  3:12  Roach  
  38  3:19  Roach  
  40  3:27  Overlord  
  40  3:29  Evolution Chamber  
  39  3:38  Drone  
  40  3:42  Drone  
  40  3:43  Drone  
  40  3:45  Drone  
  43  3:50  Drone  
  44  4:53  Overlord, Zergling x2, Lair, Zerg Melee Weapons Level 1  
  44  4:55  Evolution Chamber  
  44  4:56  Drone  
  44  4:59  Baneling  
  45  5:04  Zergling x2  
  46  5:10  Zergling x2  
  47  5:20  Zergling x2  
  48  5:21  Zerg Ground Armor Level 1  
  48  5:31  Zergling x2  
  47  5:47  Metabolic Boost  
  47  5:51  Spire  
  46  5:57  Spore Crawler  
  46  5:58  Drone  
  46  6:05  Drone, Spore Crawler  
  46  6:15  Queen  
  48  6:22  Hatchery  
  48  6:23  Drone  
  48  6:31  Zergling x2, Baneling  
  49  6:46  Spine Crawler  
  48  6:47  Zerg Missile Weapons Level 1  
  48  6:50  Overlord  
  48  6:51  Burrow  
  48  7:01  Spine Crawler  
  47  7:03  Mutalisk  
  49  7:09  Mutalisk  
  49  7:15  Mutalisk  
  53  7:20  Mutalisk  
  55  7:26  Mutalisk  
  57  7:32  Mutalisk  
  57  7:34  Queen, Drone  
  57  7:35  Drone  
  57  7:36  Overseer  
  63  7:37  Drone  
  63  7:38  Drone  
  63  7:40  Extractor, Drone  
  63  7:41  Drone  
  63  7:43  Spore Crawler  
  65  7:47  Drone  
  65  7:49  Drone  
  67  7:53  Drone  
  67  7:55  Spore Crawler  
  67  7:56  Drone  
  68  8:01  Overlord  
  68  8:03  Drone  
  69  8:06  Drone  
  69  8:09  Drone  
  69  8:12  Drone  
  72  8:16  Drone  
  72  8:19  Drone  
  74  8:21  Drone  
  74  8:25  Overlord  
  75  8:27  Drone  
  75  8:30  Drone  
  77  8:34  Overseer  
  77  8:35  Drone  
  77  8:38  Drone  
  79  8:46  Infestation Pit  
  78  9:04  Corruptor  
  78  9:07  Overlord  
  77  9:17  Extractor  
  77  9:22  Hive  
  76  9:49  Infestor  
  78  9:56  Drone  
  78  9:58  Drone, Pneumatized Carapace  
  80  10:01  Drone  
  80  10:03  Drone  
  80  10:05  Hatchery  
  81  10:10  Overseer  
  81  10:18  Drone  
  81  10:19  Drone  
  83  10:22  Drone  
  83  10:26  Overlord  
  84  10:34  Greater Spire  
  84  10:48  Corruptor  
  86  10:59  Overlord, Corruptor  
  88  11:11  Infestor  
  88  11:13  Spine Crawler  
  88  11:17  Spine Crawler  
  88  11:18  Drone  
  89  11:19  Drone  
  89  11:21  Drone  
  89  11:22  Drone  
  89  11:23  Drone  
  89  11:25  Drone, Zerg Melee Weapons Level 2  
  94  11:26  Drone  
  94  11:28  Drone  
  94  11:29  Drone  
  94  11:31  Drone  
  94  11:32  Extractor, Drone  
  98  11:34  Extractor, Drone  
  98  11:35  Overlord, Drone  
  98  11:36  Drone  
  98  11:38  Drone  
  102  11:40  Drone  
  102  11:41  Drone  
  102  11:42  Drone  
  102  11:44  Drone  
  105  11:47  Zerg Ground Armor Level 2  
  105  11:48  Corruptor, Brood Lord x3  
  105  11:53  Overlord  
  113  12:04  Corruptor  
  115  12:15  Spore Crawler  
  115  12:16  Corruptor  
  115  12:17  Drone  
  115  12:18  Spore Crawler  
  115  12:19  Drone  
  115  12:22  Queen  
  117  12:28  Overlord, Corruptor, Brood Lord  
  123  12:36  Pathogen Glands  
  123  12:42  Glial Reconstitution  
  123  12:43  Spine Crawler  
  122  12:45  Spine Crawler  
  121  12:58  Ultralisk Cavern  
  120  13:14  Hydralisk Den  
  119  13:30  Overlord  
  119  13:44  Hydralisk  
  113  13:50  Hydralisk  
  113  13:54  Drone  
  113  13:55  Drone  
  108  13:56  Drone  
  108  13:57  Zergling x2  
  108  13:58  Drone  
  105  14:04  Ultralisk  
  105  14:06  Overlord x2  
  111  14:10  Ultralisk  
  123  14:17  Ultralisk  
  123  14:23  Ultralisk  
  129  14:27  Overlord  
  129  14:30  Ultralisk  
  135  14:35  Hydralisk  
  137  14:42  Hydralisk  
  139  14:48  Hydralisk  
  141  14:55  Hydralisk  
  141  14:57  Overseer  
  141  14:58  Overlord x2  
  143  15:00  Overseer  
  143  15:03  Overseer  
  137  15:17  Overlord  
Show
View Real Time Build Order
Export as new Build Order

larsgj Terran 

Build Orders:  

Get SALT Encoding   

  12  0:01  SCV  
  13  0:13  SCV  
  14  0:18  Supply Depot  
  14  0:25  SCV  
  15  0:43  Barracks  
  15  0:44  SCV  
  16  0:56  SCV  
  17  1:09  SCV  
  17  1:10  Barracks  
  18  1:20  Supply Depot  
  18  1:21  SCV  
  19  1:32  Marine  
  20  1:33  SCV  
  21  1:45  SCV  
  22  1:47  Supply Depot  
  22  1:50  Barracks, Marine  
  23  1:57  SCV  
  24  2:02  Marine  
  24  2:08  Marine  
  26  2:09  SCV  
  26  2:13  Supply Depot  
  27  2:20  Marine  
  27  2:21  SCV  
  29  2:25  Engineering Bay, Marine  
  30  2:33  SCV  
  31  2:38  Marine, Supply Depot  
  31  2:43  Marine x2  
  34  2:45  SCV  
  35  2:56  Marine  
  35  2:57  SCV  
  37  3:01  Marine  
  37  3:02  Marine  
  39  3:10  SCV  
  39  3:12  Supply Depot  
  40  3:14  Marine  
  40  3:19  Marine  
  42  3:22  SCV  
  43  3:34  SCV  
  44  3:46  SCV, Bunker  
  45  3:54  Bunker  
  45  3:57  Marine x3  
  45  3:58  SCV  
  49  4:10  SCV, Supply Depot  
  49  4:15  Marine x2  
  52  4:19  Refinery  
  52  4:20  Bunker  
  52  4:22  SCV, Refinery  
  53  4:24  Bunker  
  53  4:32  Command Center  
  53  4:34  SCV  
  54  4:45  Marine x2  
  56  4:46  Marine  
  56  4:49  Supply Depot  
  57  5:03  Marine x3  
  60  5:21  Marine x3  
  63  5:31  Refinery  
  63  5:43  Marine x2  
  63  5:44  Marine  
  63  5:47  Orbital Command  
  66  5:51  SCV  
  66  5:56  Refinery  
  67  6:01  Terran Infantry Weapons Level 1, Marine x2  
  67  6:03  SCV  
  70  6:16  SCV  
  70  6:18  Bunker  
  71  6:20  Marine  
  71  6:21  Marine  
  71  6:22  Marine  
  74  6:28  SCV  
  75  6:40  SCV  
  76  6:50  Bunker  
  76  6:52  SCV  
  77  7:01  Barracks Tech Lab  
  77  7:02  Barracks Tech Lab x2  
  77  7:04  SCV  
  78  7:16  SCV  
  78  7:20  Bunker  
  79  7:28  SCV  
  80  7:39  Marine x3  
  80  7:40  SCV  
  80  7:42  Command Center  
  84  7:52  SCV  
  84  7:54  Factory  
  84  7:55  Terran Infantry Armor Level 1  
  84  7:57  Marine x3  
  88  8:08  Combat Shield  
  88  8:14  Marine  
  88  8:15  Marine x2  
  91  8:22  Orbital Command  
  91  8:32  Marine  
  91  8:33  Marine x2  
  94  8:53  Marine x2  
  96  9:05  Supply Depot  
  96  9:16  Armory  
  96  9:27  Supply Depot  
  96  9:32  Refinery  
  96  9:33  SCV  
  97  9:45  SCV  
  98  9:49  Hi-Sec Auto Tracking  
  98  9:50  Supply Depot  
  98  9:51  Refinery  
  98  9:57  SCV  
  99  10:00  Marine  
  99  10:01  Marine x2  
  102  10:09  SCV  
  102  10:14  Supply Depot  
  103  10:18  Marine x2  
  103  10:19  Marine  
  103  10:21  SCV  
  107  10:22  Barracks  
  107  10:36  Marine x3  
  110  10:46  Neosteel Armor  
  110  10:47  Supply Depot  
  110  10:54  Marine x3  
  110  10:55  Missile Turret  
  113  11:10  Supply Depot  
  113  11:12  Marine x3  
  113  11:16  Missile Turret  
  116  11:32  Supply Depot  
  116  11:33  Missile Turret  
  116  11:36  Missile Turret  
  116  11:46  SCV  
  117  11:53  Missile Turret  
  117  11:55  Supply Depot  
  117  11:58  SCV  
  117  11:59  Barracks Reactor  
  117  12:00  Missile Turret  
  118  12:10  SCV, Terran Vehicle And Ship Armor Level 1  
  118  12:14  Missile Turret  
  119  12:19  Supply Depot  
  119  12:21  Missile Turret  
  119  12:22  SCV  
  120  12:23  Starport  
  120  12:26  Terran Infantry Weapons Level 2  
  120  12:34  SCV  
  120  12:36  Missile Turret  
  121  12:41  Supply Depot  
  121  12:42  Missile Turret  
  121  12:47  Orbital Command  
  121  12:57  Missile Turret  
  121  13:00  Starport  
  121  13:03  Supply Depot  
  121  13:08  Missile Turret  
  121  13:12  Starport Tech Lab  
  121  13:23  Marine x5  
  121  13:26  Supply Depot  
  126  13:31  Medivac, Missile Turret  
  128  13:40  Marine  
  128  13:41  Marine x4  
  133  13:49  Supply Depot  
  128  13:58  Marine  
  128  13:59  Marine x4  
  128  14:01  Medivac  
  109  14:16  Marine  
  109  14:17  Marine x4  
  98  14:31  Medivac  
  98  14:34  Marine x4  
  88  14:52  Marine x4  
  86  14:56  Marine  
  87  15:01  Medivac  
  89  15:09  Marine  
  89  15:10  Marine x3  
  89  15:14  Marine  
Tags
 
Add a new tag
Caveats
  • Supply blocks, unpowered buildings, or Contaminate may cause inaccurate times.
  • Supply counts are checked every 10 seconds.